 Dungeon Crawl Stone Soup version 0.26-b1-32-g5d43845318 (webtiles) character file.

Game seed: 10517515696364232053

423 MisterFreud the Ruffian (level 6, -4/59 HPs)
             Began as a Troll Delver on Jan 10, 2021.
             Slain by an orc
             ... wielding a +2 short sword of electrocution
              (10 damage)
             ... on level 6 of the Dungeon.
             The game lasted 00:01:01 (472 turns).

MisterFreud the Ruffian (Troll Delver)               Turns: 472, Time: 00:01:01

Health: -4/59      AC:  6    Str: 23    XL:     6   Next: 63%
Magic:  14/14      EV: 10    Int:  6    God:
Gold:   40         SH:  0    Dex: 11    Spells: 5/5 levels left

rFire    . . .     SeeInvis .     - Unarmed
rCold    . . .     Faith    .   (no shield)
rNeg     . . .     Spirit   .   a - +0 robe
rPois    .         Reflect  .   (helmet restricted)
rElec    .         Harm     .   (no cloak)
rCorr    .         Rampage  .   (gloves unavailable)
Will     .....                  (boots unavailable)
Stlth    ++........             (no amulet)
HPRegen  0.59/turn              i - ring of magical power
MPRegen  0.14/turn              (no ring)

@: no status effects
A: large, unfitting armour, claws 3, regeneration 1, shaggy fur 1, tough skin 3
a: no special abilities


You were on level 6 of the Dungeon.
You visited 1 branch of the dungeon, and saw 2 of its levels.

You collected 40 gold pieces.

Inventory:

Armour
 a - a +0 robe (worn)
Jewellery
 i - a ring of magical power (left claw)
Wands
 f - a wand of digging (3)
 h - a wand of flame (11)
Scrolls
 b - a scroll of fog
 c - a scroll of magic mapping
 d - a scroll of fear
 g - a scroll of identify {unknown}
Potions
 e - a potion of haste


   Skills:
 - Level 2.4 Fighting
 - Level 1.5 Dodging
 - Level 2.7 Stealth
 + Level 7.2 Unarmed Combat


You had 5 spell levels left.
You didn't know any spells.
Your spell library was empty.

Dungeon Overview and Level Annotations

Branches:
Dungeon (6/15)             Temple (0/1) D:6

Altars:


Innate Abilities, Weirdness & Mutations

You are too large for most types of armour.
You have claws for hands.
Your natural rate of healing is unusually fast.
You are covered in fur. (AC +1)
You have extremely tough skin. (AC +3)


Message History

The orc hits you with a +2 short sword of electrocution.
* * * LOW HITPOINT WARNING * * *
The quokka bites you but does no damage.
The orc hits you with a +0 dagger.
* * * LOW HITPOINT WARNING * * *
Things that are here:
a +0 leather armour; an orc corpse The orc hits you but does no damage.
You see here a pair of glowing gloves.
You mangle the quokka!!
You kill the quokka!
The orc throws a boomerang.
The boomerang completely misses you.
The weapon returns to the orc!
You are too injured to fight recklessly!
The orc hits you with a +0 dagger.
* * * LOW HITPOINT WARNING * * *
The orc hits you with a +2 short sword of electrocution.
* * * LOW HITPOINT WARNING * * *
You are electrocuted!
You die...

..≈§§......###.
.≈§§≈≈..........
§≈≈≈≈≈§.........
≈§§>≈§§.....<>..
≈≈≈§≈§≈........
.≈≈≈≈≈).)....#
..≈≈≈.)[#..###
####..#oo..#
#..#@)..##
###..#...##
#..###....# ##.
###..## # ##..##
###.## ##)### .
#...## ..
##...##...


You could see 2 orcs.

Vanquished Creatures
  A centaur (D:5)
  2 bullfrogs (D:6)
  A scorpion (D:6)
  2 orc wizards (D:6)
  An orc priest (D:6)
  A worker ant (D:5)
  A gnoll (D:6)
  3 adders
  A shadow imp (D:5)
  A worm (D:5)
  3 orcs (D:6)
  2 quokkas (D:6)
19 creatures vanquished.

Notes
Turn   | Place    | Note
-------+----------+-------------------------------------------
     0 | D:5      | MisterFreud the Troll Delver began the quest for the Orb.
     0 | D:5      | Reached XP level 1. HP: 22/22 MP: 0/0
     7 | D:5      | Noticed a centaur
    18 | D:5      | Killed a centaur
    19 | D:5      | Reached skill level 4 in Unarmed Combat
    19 | D:5      | Reached XP level 2. HP: 6/29 MP: 1/1
    19 | D:5      | Reached XP level 3. HP: 7/36 MP: 2/2
    19 | D:5      | Reached XP level 4. HP: 9/44 MP: 3/3
   151 | D:5      | Reached skill level 5 in Unarmed Combat
   208 | D:6      | Reached XP level 5. HP: 6/50 MP: 4/4
   327 | D:6      | Reached skill level 6 in Unarmed Combat
   327 | D:6      | Reached XP level 6. HP: 51/59 MP: 5/5
   447 | D:6      | Found a staircase to the Ecumenical Temple.
   465 | D:6      | Reached skill level 7 in Unarmed Combat
   472 | D:6      | Slain by an orc

Illustrated notes

Levels and vault maps discovered:
D:5:      layout_cave_pods, lemuel_doored_altar, gammafunk_ghost_arena
D:6:      layout_layer_cave, nzn_hepliaklqana_mist_gate,
          overflow_temple_1_default, minmay_temple_entry_mist

Skill      XL: |  1  2  3  4  5  6 |
---------------+-------------------+-----
Unarmed Combat | 4 5 6 7 |  7.2
Fighting       | |  2.4
Dodging        | |  1.5
Stealth        | |  2.7

Action                   |  1- 3 |  4- 6 || total
-------------------------+-------+-------++-------
Melee: Unarmed           |     5 |    68 ||    73
       Punch             |       |     3 ||     3
 Stab: Sleeping          |       |     1 ||     1
Armor: Robe              |     3 |    22 ||    25
Dodge: Dodged            |     2 |    40 ||    42
